BR (22 & UNDER)
YELLOWKNIFE CLAWS @ GRAND RAPIDS DUTCH OVENS
08/30/2029
 
TOP OF THE 1ST
Yellowknife Claws batting - Pitching for Grand Rapids Dutch Ovens : RHP Jesús Gonzáles
Pitching: RHP Jesús Gonzáles
Batting: RHB Sergio Ortíz 0-0: Ball
1-0: Foul Ball, location: 2F
1-1: Ball
2-1: Ground out 4-3 (Groundball, 4)
Batting: RHB Preston Church 0-0: Ball
1-0: Called Strike
1-1: Foul Ball, location: 2F
1-2: Ball
2-2: Foul Ball, location: 2F
2-2: Ball
3-2: Strikes out swinging
Batting: RHB Curt O'Brian 0-0: Ball
1-0: Ball
2-0: Called Strike
2-1: Called Strike
2-2: Ball
3-2: Base on Balls
Batting: RHB Tomás Díaz 0-0: Ball
1-0: Called Strike
1-1: SINGLE (Groundball, 56S) (infield hit)
Curt O'Brian to second
Batting: RHB Mike Morrow 0-0: Ball
1-0: Called Strike
1-1: Swinging Strike
1-2: Ball
2-2: Foul Ball, location: 2F
2-2: Strikes out swinging
Top of the 1st over - 0 runs, 1 hit, 0 errors, 2 left on base; Yellowknife 0 - Grand Rapids 0
BOTTOM OF THE 1ST
Grand Rapids Dutch Ovens batting - Pitching for Yellowknife Claws : RHP José Trinidad
Pitching: RHP José Trinidad
Batting: RHB Earl Davis 0-0: Called Strike
0-1: Ball
1-1: Ball
2-1: SINGLE (Line Drive, 9LM)
Batting: RHB Ismael Mojica 0-0: Swinging Strike
0-1: Fly out, F8 (Flyball, 8LD)
Batting: LHB Al Cramer 0-0: DOUBLE (Flyball, 8LD)
Earl Davis to third
Batting: RHB Mike Best 0-0: Called Strike
0-1: Ball
1-1: Ground out U3 (Groundball, 2R)
Batting: LHB Pedro Robolledo 0-0: Foul Ball, location: 2F
0-1: 3-RUN HOME RUN (Flyball, 9D), Distance : 406 ft
Batting: LHB Chris Russell 0-0: Ball
1-0: DOUBLE (Flyball, 8LXD)
Batting: RHB Antenor Anchieta 0-0: SINGLE (Line Drive, 4D)
Chris Russell to third
Runner from 3rd tries for Home, SAFE, no throw
Batting: RHB Weldon Bell 0-0: Foul Ball, location: 2F
0-1: Called Strike
0-2: Foul Ball, location: 2F
0-2: Ball
Wild Pitch!
Antenor Anchieta to second
1-2: Ground out 6-3 (Groundball, 6)
Bottom of the 1st over - 4 runs, 5 hits, 0 errors, 1 left on base; Yellowknife 0 - Grand Rapids 4
TOP OF THE 2ND
Yellowknife Claws batting - Pitching for Grand Rapids Dutch Ovens : RHP Jesús Gonzáles
Batting: LHB Richard Shelton 0-0: Called Strike
0-1: Ball
1-1: Called Strike
1-2: Ball
2-2: Fly out, F7 (Flyball, 7)
Batting: LHB Mike Bowers 0-0: Ball
1-0: Foul Ball, location: 2F
1-1: Ball
2-1: Foul Ball, location: 2F
2-2: Fly out, F9 (Flyball, 89M)
Batting: LHB Steve Blankenship 0-0: Ball
1-0: Foul Ball, location: 2F
1-1: SINGLE (Groundball, 4MD)
Batting: RHB Norberto Navarro 0-0: Fly out, F8 (Flyball, 89D)
Top of the 2nd over - 0 runs, 1 hit, 0 errors, 1 left on base; Yellowknife 0 - Grand Rapids 4
BOTTOM OF THE 2ND
Grand Rapids Dutch Ovens batting - Pitching for Yellowknife Claws : RHP José Trinidad
Batting: RHB John Milligan 0-0: Ball
1-0: Called Strike
1-1: Fly out, F4 (Popup, 4MS)
Batting: RHB Earl Davis 0-0: Ball
1-0: Ball
2-0: Ball
3-0: Base on Balls
Batting: RHB Ismael Mojica 0-0: Fielders Choice at 2nd, 1-6 (Groundball, P)
Batting: LHB Al Cramer 0-0: Fly out, F5 (Flyball, 5D)
Bottom of the 2nd over - 0 runs, 0 hits, 0 errors, 1 left on base; Yellowknife 0 - Grand Rapids 4
TOP OF THE 3RD
Yellowknife Claws batting - Pitching for Grand Rapids Dutch Ovens : RHP Jesús Gonzáles
Batting: RHB Sergio Ortíz 0-0: Ball
1-0: Foul Ball, location: 2F
1-1: Ball
2-1: Swinging Strike
2-2: Strikes out swinging
Batting: RHB Preston Church 0-0: Ball
1-0: Fly out, F8 (Flyball, 8LM)
Batting: RHB Curt O'Brian 0-0: Called Strike
0-1: Called Strike
0-2: Ball
1-2: Ball
2-2: SINGLE (Line Drive, 7S)
Batting: RHB Tomás Díaz 0-0: Hit by Pitch
Curt O'Brian to second
Batting: RHB Mike Morrow 0-0: Ball
1-0: Fly out, F9 (Flyball, 89D)
Top of the 3rd over - 0 runs, 1 hit, 0 errors, 2 left on base; Yellowknife 0 - Grand Rapids 4
BOTTOM OF THE 3RD
Grand Rapids Dutch Ovens batting - Pitching for Yellowknife Claws : RHP José Trinidad
Batting: RHB Mike Best 0-0: Called Strike
0-1: Fly out, F4 (Line Drive, 4M)
Batting: LHB Pedro Robolledo 0-0: Ball
1-0: Swinging Strike
1-1: DOUBLE (Flyball, 89XD)
Batting: LHB Chris Russell 0-0: Ball
1-0: Called Strike
1-1: Ground out 6-3 (Groundball, 6)
Batting: RHB Antenor Anchieta 0-0: Called Strike
0-1: Ground out 3-1 (Groundball, 34S)
Bottom of the 3rd over - 0 runs, 1 hit, 0 errors, 1 left on base; Yellowknife 0 - Grand Rapids 4
TOP OF THE 4TH
Yellowknife Claws batting - Pitching for Grand Rapids Dutch Ovens : RHP Jesús Gonzáles
Batting: LHB Richard Shelton 0-0: Called Strike
0-1: Foul Ball, location: 2F
0-2: Ball
1-2: Strikes out swinging
Batting: LHB Mike Bowers 0-0: Swinging Strike
0-1: Ball
1-1: SINGLE (Groundball, 34) (infield hit)
Batting: LHB Steve Blankenship 0-0: Foul Ball, location: 2F
Pickoff Throw to First - Error! E1
Mike Bowers to second
0-1: Ball
1-1: Ball
2-1: Foul Ball, location: 2F
2-2: Foul Ball, location: 2F
2-2: Reached on error, E1 (Groundball, 15)
Mike Bowers scores
Batting: RHB Norberto Navarro 0-0: Called Strike
0-1: Foul Ball, location: 2F
0-2: Ball
1-2: Foul Ball, location: 2F
1-2: Fly out, F5 (Line Drive, 56)
Batting: RHB Sergio Ortíz 0-0: Ball
1-0: Called Strike
1-1: Ball
2-1: Fly out, F8 (Flyball, 8RS)
Top of the 4th over - 1 run, 1 hit, 2 errors, 1 left on base; Yellowknife 1 - Grand Rapids 4
BOTTOM OF THE 4TH
Grand Rapids Dutch Ovens batting - Pitching for Yellowknife Claws : RHP José Trinidad
Batting: RHB Weldon Bell 0-0: Ball
1-0: Ball
2-0: Foul Ball, location: 2F
2-1: Ball
3-1: Foul Ball, location: 2F
3-2: Fly out, F8 (Flyball, 8LM)
Batting: RHB John Milligan 0-0: Foul Ball, location: 2F
0-1: Ground out 6-3 (Groundball, 6)
Batting: RHB Earl Davis 0-0: SINGLE (Line Drive, 6)
Batting: RHB Ismael Mojica 0-0: Called Strike
0-1: Ball
1-1: 2-RUN HOME RUN (Flyball, 78XD), Distance : 408 ft
Batting: LHB Al Cramer 0-0: Ball
1-0: Swinging Strike
1-1: Ball
2-1: SINGLE (Flyball, 78M)
Batting: RHB Mike Best 0-0: Ground out 5-3 (Groundball, 56S)
Bottom of the 4th over - 2 runs, 3 hits, 0 errors, 1 left on base; Yellowknife 1 - Grand Rapids 6
TOP OF THE 5TH
Yellowknife Claws batting - Pitching for Grand Rapids Dutch Ovens : RHP Jesús Gonzáles
Batting: RHB Preston Church 0-0: Ball
1-0: Ball
2-0: Foul Ball, location: 2F
2-1: Foul Ball, location: 2F
2-2: Foul Ball, location: 2F
2-2: Ball
3-2: Foul Ball, location: 2F
3-2: Fly out, F2 (Popup, 23F)
Batting: RHB Curt O'Brian 0-0: Called Strike
0-1: Ball
1-1: Ball
2-1: Ball
3-1: Foul Ball, location: 2F
3-2: Strikes out looking
Batting: RHB Tomás Díaz 0-0: Ball
1-0: Foul Ball, location: 2F
1-1: Fly out, F8 (Line Drive, 8LS)
Top of the 5th over - 0 runs, 0 hits, 0 errors, 0 left on base; Yellowknife 1 - Grand Rapids 6
BOTTOM OF THE 5TH
Grand Rapids Dutch Ovens batting - Pitching for Yellowknife Claws : RHP José Trinidad
Batting: LHB Pedro Robolledo 0-0: Foul Ball, location: 2F
0-1: Swinging Strike
0-2: Strikes out looking
Batting: LHB Chris Russell 0-0: Ball
1-0: Foul Ball, location: 2F
1-1: SINGLE (Groundball, 4MD)
Batting: RHB Antenor Anchieta 0-0: Ball
1-0: Fielders Choice at 2nd, 5-4 (Groundball, 5)
Batting: RHB Weldon Bell 0-0: Ball
1-0: Called Strike
1-1: Ground out 4-3 (Groundball, 34D)
Bottom of the 5th over - 0 runs, 1 hit, 0 errors, 1 left on base; Yellowknife 1 - Grand Rapids 6
TOP OF THE 6TH
Yellowknife Claws batting - Pitching for Grand Rapids Dutch Ovens : RHP Jesús Gonzáles
Pitching: LHP Germán Rivas
Batting: RHB Mike Morrow 0-0: Fly out, F4 (Line Drive, 4)
Batting: LHB Richard Shelton 0-0: Foul Ball, location: 2F
0-1: Ball
1-1: Called Strike
1-2: Strikes out swinging
Batting: LHB Mike Bowers 0-0: Ground out 5-3 (Groundball, 5L)
Top of the 6th over - 0 runs, 0 hits, 0 errors, 0 left on base; Yellowknife 1 - Grand Rapids 6
BOTTOM OF THE 6TH
Grand Rapids Dutch Ovens batting - Pitching for Yellowknife Claws : RHP José Trinidad
Batting: RHB John Milligan 0-0: Foul Ball, location: 2F
0-1: Swinging Strike
0-2: Ball
1-2: Foul Ball, location: 2F
1-2: Foul Ball, location: 2F
1-2: Ground out U3 (Groundball, 34S)
Batting: RHB Earl Davis 0-0: Foul Ball, location: 2F
0-1: Ball
1-1: Ball
2-1: Called Strike
2-2: SINGLE (Groundball, 6D)
Batting: RHB Ismael Mojica 0-0: SINGLE (Groundball, 5D)
Earl Davis to second
Batting: LHB Al Cramer 0-0: Swinging Strike
0-1: Ball
1-1: Called Strike
1-2: Foul Ball, location: 2F
1-2: Ball
2-2: Strikes out swinging
Batting: RHB Mike Best 0-0: Called Strike
0-1: SINGLE (Groundball, 34D)
Earl Davis to third
Ismael Mojica to second
Runner from 3rd tries for Home, SAFE, throw made home
Batting: LHB Pedro Robolledo 0-0: 3-RUN HOME RUN (Flyball, 89D), Distance : 419 ft
Batting: LHB Chris Russell 0-0: Called Strike
0-1: Swinging Strike
0-2: Ball
1-2: Ball
2-2: Fly out, F8 (Flyball, 8RXD)
Bottom of the 6th over - 4 runs, 4 hits, 0 errors, 0 left on base; Yellowknife 1 - Grand Rapids 10
TOP OF THE 7TH
Yellowknife Claws batting - Pitching for Grand Rapids Dutch Ovens : LHP Germán Rivas
Batting: LHB Steve Blankenship 0-0: Ball
1-0: Called Strike
1-1: Ball
2-1: Swinging Strike
2-2: Ball
3-2: Foul Ball, location: 2F
3-2: Base on Balls
Batting: RHB Norberto Navarro 0-0: Foul Ball, location: 2F
0-1: Foul Ball, location: 2F
0-2: Ball
1-2: Foul Ball, location: 2F
1-2: Ball
2-2: Strikes out looking
Batting: RHB Sergio Ortíz 0-0: Ball
1-0: Swinging Strike
1-1: Foul Ball, location: 2F
1-2: Ball
2-2: Ball
3-2: Ground out U3 (Groundball, 34S)
Steve Blankenship to second
Batting: RHB Preston Church 0-0: Ball
1-0: SINGLE (Line Drive, 8RS)
Steve Blankenship to third
Batting: RHB Curt O'Brian 0-0: Called Strike
0-1: Foul Ball, location: 2F
0-2: Ball
1-2: Fly out, F8 (Flyball, 8LD)
Top of the 7th over - 0 runs, 1 hit, 0 errors, 2 left on base; Yellowknife 1 - Grand Rapids 10
BOTTOM OF THE 7TH
Grand Rapids Dutch Ovens batting - Pitching for Yellowknife Claws : RHP José Trinidad
Batting: RHB Antenor Anchieta 0-0: Fly out, F8 (Flyball, 8RM)
Batting: RHB Weldon Bell 0-0: Called Strike
0-1: Foul Ball, location: 2F
0-2: Ground out 5-3 (Groundball, 5S)
Batting: RHB John Milligan 0-0: Ground out 6-3 (Groundball, 6)
Bottom of the 7th over - 0 runs, 0 hits, 0 errors, 0 left on base; Yellowknife 1 - Grand Rapids 10
TOP OF THE 8TH
Yellowknife Claws batting - Pitching for Grand Rapids Dutch Ovens : LHP Germán Rivas
Batting: RHB Tomás Díaz 0-0: Ball
1-0: Called Strike
1-1: Ball
2-1: Swinging Strike
2-2: Fly out, F7 (Flyball, 7LDF)
Batting: RHB Mike Morrow 0-0: Ball
1-0: Swinging Strike
1-1: Fly out, F9 (Flyball, 9LD)
Batting: LHB Richard Shelton 0-0: Ball
1-0: Foul Ball, location: 2F
1-1: Foul Ball, location: 2F
1-2: SOLO HOME RUN (Line Drive, 9D), Distance : 419 ft
Batting: LHB Mike Bowers 0-0: Ball
1-0: Called Strike
1-1: Called Strike
1-2: Fly out, F8 (Flyball, 8RD)
Top of the 8th over - 1 run, 1 hit, 0 errors, 0 left on base; Yellowknife 2 - Grand Rapids 10
BOTTOM OF THE 8TH
Grand Rapids Dutch Ovens batting - Pitching for Yellowknife Claws : RHP José Trinidad
Batting: RHB Earl Davis 0-0: Ball
1-0: Called Strike
1-1: Ball
2-1: Fly out, F9 (Flyball, 9LS)
Batting: RHB Ismael Mojica 0-0: Ball
1-0: Fly out, F7 (Flyball, 7S)
Batting: LHB Al Cramer 0-0: Ground out 5-3 (Groundball, 56)
Bottom of the 8th over - 0 runs, 0 hits, 0 errors, 0 left on base; Yellowknife 2 - Grand Rapids 10
TOP OF THE 9TH
Yellowknife Claws batting - Pitching for Grand Rapids Dutch Ovens : LHP Germán Rivas
Batting: LHB Steve Blankenship 0-0: Ball
1-0: Ball
2-0: Called Strike
2-1: Foul Ball, location: 2F
2-2: Foul Ball, location: 2F
2-2: SINGLE (Groundball, 56D)
Batting: RHB Norberto Navarro 0-0: Ball
1-0: Ball
2-0: Fly out, F8 (Flyball, 8LM)
Batting: RHB Sergio Ortíz 0-0: Ball
1-0: Foul Ball, location: 2F
1-1: Swinging Strike
1-2: Strikes out looking
Batting: RHB Preston Church 0-0: Called Strike
0-1: Ball
1-1: Called Strike
1-2: Strikes out swinging
Top of the 9th over - 0 runs, 1 hit, 0 errors, 1 left on base; Yellowknife 2 - Grand Rapids 10
Saturday, December 16th, 2017 - OOTP Baseball 18.8 Build 76